 Dungeon Crawl Stone Soup version 0.30.1-1-g62c8e00024 (webtiles) character file.

Game seed: 17418958823681938997

15 monsoonserge the Vexing (level 2, 0/19 HPs)
             Began as a Demonspawn Enchanter on July 15, 2023.
             Slain by a quokka (4 damage)
             ... on level 1 of the Dungeon.
             The game lasted 00:02:18 (321 turns).

monsoonserge the Vexing (Demonspawn Enchanter)       Turns: 321, Time: 00:02:19

Health: 0/19       AC:  5    Str:  8    XL:     2   Next: 34%
Magic:  1/5        EV: 11    Int: 16    God:
Gold:   27         SH:  0    Dex: 13    Spells: 3/5 levels left

rFire   + . .        a - +1 dagger
rCold   + . .        (no shield)
rNeg    . . .        l - +2 leather armour {rF+}
rPois   .            (no helmet)
rElec   .            (no cloak)
rCorr   .            (no gloves)
SInv    .            (no boots)
Will    .....        (no amulet)
Stlth   ++           g - ring of protection from cold
HPRegen 0.23/turn    i - ring of flight
MPRegen 0.09/turn

%: no passive effects
@: flying
A: powered by pain 1
a: no special abilities


You were on level 1 of the Dungeon.
You visited 1 branch of the dungeon, and saw 1 of its levels.

You collected 27 gold pieces.

Inventory:

Hand Weapons
 a - a +1 dagger (weapon)
Armour
 b - a +0 robe
 e - a +0 ring mail
 l - a +2 leather armour of fire resistance (worn)
Jewellery
 g - a ring of protection from cold (left hand)
 i - a ring of flight (right hand)
Scrolls
 d - a scroll of fog {unknown}
 f - a scroll of vulnerability {unknown}
 j - 2 scrolls of magic mapping {unknown}
 k - a scroll of enchant weapon {unknown}
Potions
 c - 2 potions of invisibility
 h - a potion of curing {unknown}


   Skills:
 + Level 0.1 Fighting
 + Level 1.0 Short Blades
 + Level 1.8 Dodging
 + Level 3.0 Stealth
 - Level 2.0 Spellcasting
 + Level 3.3 Hexes
 * Level 0.2 Ice Magic


You had 3 spell levels left.
You knew the following spells:

 Your Spells              Type           Power      Damage    Failure   Level
a - Ensorcelled Hibernat  Hex/Ice        14%        N/A       22%         2

Your spell library contained the following spells:

 Spells                   Type           Power      Damage    Failure   Level
 Confusing Touch          Hex            12%        N/A       22%         3
 Tukima's Dance           Hex            12%        N/A       22%         3
 Dazzling Flash           Conj/Hex       12%        N/A       41%         3


Dungeon Overview and Level Annotations

Branches:
Dungeon (1/15)

Altars:


Innate Abilities, Weirdness & Mutations

You sometimes gain a little power by taking damage.


Message History

Aiming: Ensorcelled Hibernation (safe; 22% risk of failure)
Press: ? - help, Shift-Dir - straight line, f/p - kobold
Aim: a kobold, wielding a +0 short sword (chance to affect: 58%)
The kobold resists with significant effort.
The kobold hits you with a +0 short sword.
The quokka closely misses you.
Unknown command.
Press: ? - help, v - describe, . - travel
Here: a kobold, wielding a +0 short sword The floor.
Press: ? - help, v - describe, . - travel
Here: a quokka The floor.
Press: ? - help, v - describe, . - travel
Here: a kobold, wielding a +0 short sword The floor.
You closely miss the kobold.
The kobold hits you with a +0 short sword.
The quokka bites you.
* * * LOW HITPOINT WARNING * * *
You hit the kobold.
You kill the kobold!
The quokka bites you but does no damage.
You barely miss the quokka.
The quokka bites you but does no damage.
You hit the quokka.
The quokka is lightly wounded.
The quokka bites you but does no damage.
You hit the quokka.
The quokka is moderately wounded.
The quokka closely misses you.
You hit the quokka.
The quokka is almost dead.
The quokka barely misses you. The quokka bites you.
* * * LOW HITPOINT WARNING * * *
Your magical contamination has completely faded away.
You closely miss the quokka.
The quokka is almost dead.
The quokka bites you.
You die...

#. ....##.#...
.........#........#....#
.........#......#......#
.........#... ..###.....
.........#.. #.###.....
.........#.# ##.........
.........#.###..###.##..
#......r...†...# #.##..
#...)@...####.# #.#...
#.......## #.# #.#...
#####...# #.# #.....
#.### #.# ##..## ...#
#.# #..##. #####
#.###.##.. #.##..#.)#
#.#..#..## #.#..##..#


You could see a quokka.

Vanquished Creatures
  2 endoplasms (D:1)
  2 goblins (D:1)
  2 hobgoblins (D:1)
  2 bats (D:1)
  A frilled lizard (D:1)
  4 kobolds (D:1)
  A rat (D:1)
14 creatures vanquished.

Notes
Turn   | Place    | Note
-------+----------+-------------------------------------------
     0 | D:1      | monsoonserge the Demonspawn Enchanter began the quest for
                  | the Orb.
     0 | D:1      | Reached XP level 1. HP: 13/13 MP: 3/3
   195 | D:1      | Gained mutation: You sometimes gain a little power by
                  | taking damage. [demonic ancestry]
   195 | D:1      | Reached XP level 2. HP: 12/19 MP: 5/5
   213 | D:1      | Learned a level 2 spell: Ensorcelled Hibernation
   254 | D:1      | Reached skill level 1 in Short Blades
   321 | D:1      | Slain by a quokka

Illustrated notes

Levels and vault maps discovered:
D:1:      lemuel_arrival_tunnels, layout_rooms, minmay_heptomino_w4

Skill      XL: |  1  2 |
---------------+-------+-----
Stealth        | 3 |  3.0
Short Blades   | 1 |  1.0
Fighting       | |  0.1
Dodging        | |  1.8
Spellcasting   | |  2.0
Hexes          | |  3.3
Ice Magic      | |  0.2

Action                     || total
---------------------------++-------
  Melee: Dagger            ||    60
   Cast: Ensorcelled Hiber ||     1
   Stab: Sleeping          ||     1
 Armour: Ring mail         ||     9
         Leather armour    ||    13
  Dodge: Dodged            ||    42
